 Dungeon Crawl Stone Soup version 0.29.1-2-gbd0b4ee654 (webtiles) character file.

Game seed: 6781984553142138220

25 Twinkles the Insei (level 2, 21/21 HPs)
             Began as a Vampire Transmuter on Nov 1, 2022.
             Safely got out of the dungeon.
             The game lasted 00:03:39 (990 turns).

Twinkles the Insei (Vampire Transmuter)              Turns: 990, Time: 00:03:40

Health: 21/21      AC:  3    Str:  9    XL:     2   Next: 82%
Magic:  5/5        EV: 12    Int: 15    God:
Gold:   22         SH:  0    Dex: 14    Spells: 4/5 levels left

rFire   . . .      SeeInvis +   c - +2 whip (venom)
rCold   . . .      Faith    .   (no shield)
rNeg    . . .      Spirit   .   a - +0 robe
rPois   .          Reflect  .   (no helmet)
rElec   .          Harm     .   e - +0 cloak
rCorr   .          Rampage  .   (no gloves)
Will    .....                   (no boots)
Stlth   ++........              (no amulet)
HPRegen 0.27/turn               (no ring)
MPRegen 0.09/turn               (no ring)

@: healing quickly
A: alive, fangs 3, see invisible, vampiric 1
a: Exsanguinate


You escaped.
You visited 1 branch of the dungeon, and saw 1 of its levels.

You collected 22 gold pieces.

Inventory:

Hand Weapons
 c - a +2 whip of venom (weapon)
Missiles
 d - 5 curare-tipped darts
 h - 3 javelins
Armour
 a - a +0 robe (worn)
 e - a +0 cloak (worn)
Jewellery
 g - an amulet of faith
Scrolls
 f - 3 scrolls of identify {unknown}
Potions
 b - a potion of lignification


   Skills:
 + Level 1.1 Fighting
 + Level 2.4 Dodging
 + Level 1.7 Stealth
 + Level 3.4 Unarmed Combat
 + Level 2.1 Spellcasting
 + Level 2.4 Transmutations
 + Level 0.5 Poison Magic


You had 4 spell levels left.
You knew the following spells:

 Your Spells              Type           Power      Damage    Failure   Level
a - Beastly Appendage     Tmut           18%        N/A       8%          1

Your spell library contained the following spells:

 Spells                   Type           Power      Damage    Failure   Level
 Wereblood                Tmut           9%         N/A       12%         2
 Apportation              Tloc           2%         N/A       22%         1
 Slow                     Hex            4%         N/A       22%         1
 Spider Form              Tmut/Pois      6%         N/A       34%         3
 Confusing Touch          Hex            1%         N/A       54%         3
 Vampiric Draining        Necr           1%         2d6       54%         3
 Ice Form                 Ice/Tmut       5%         N/A       78%         4
 Alistair's Intoxication  Tmut/Pois      4%         N/A       97%         5


Dungeon Overview and Level Annotations

Branches:
Dungeon (1/15)

Altars:


Innate Abilities, Weirdness & Mutations

Your natural rate of healing is accelerated.
You have razor-sharp teeth.
You have supernaturally acute eyesight. (SInv)
You are afflicted with vampirism.


Message History

As you open the door, it creaks loudly!
There is an open door here.
You open the door.
There is an open door here.
You open the door.
There is an open door here.
You see here a frilled lizard skeleton.
You open the door. You open the door.
There is an open door here.
There is an open door here.
You see here a staff of cold.
A giant cockroach comes into view.
Found a book of Debilitation.
The helpless giant cockroach fails to defend itself.
You hit the giant cockroach but do no damage.
The giant cockroach is poisoned.
The giant cockroach bites you.
You hit the giant cockroach.
You kill the giant cockroach!
No target in view!
You see here a giant cockroach corpse.
You pick up a book of Debilitation and begin reading...
You add the spells Slow, Vampiric Draining and Confusing Touch to your library.
Done exploring.
Done exploring.
There is a stone staircase leading down here.
Unknown command.
Okay, then.
Unknown command.
Okay, then.
Unknown command.
Unknown command.
Okay, then.
Unknown command.
Unknown command.
Unknown command.
Unknown command.
There is a staircase leading out of the dungeon here.
Are you sure you want to leave the Dungeon?
This will make you lose the game!
You have escaped!

......#.........#.......##.......
.#....#.........###......#.......
.#.............###..####.........
...............# #.## ##........
............######.# #........
..#.......###.§....## ##......##
..#...######..§§≈≈..####..≈≈≈≈..#
..........##.§§§§.≈......≈≈≈≈≈≈.#
.............≈§§@§≈......≈≈≈≈≈≈.#
..##.##.#....§≈§≈≈≈......≈≈≈≈≈≈.#
..##.##.....§.§≈≈≈...##...≈≈≈≈..#
..##.............................
..##.............................
+###.......................######
.###+#######.##..#.#..........###
........# #.....#...............
.......[####.........#####.......


There were no monsters in sight!

Vanquished Creatures
  A dart slug (D:1)
  4 ball pythons (D:1)
  A bat (D:1)
  5 endoplasms (D:1)
  2 giant cockroaches (D:1)
  2 hobgoblins (D:1)
  A frilled lizard (D:1)
  2 goblins (D:1)
  A rat (D:1)
19 creatures vanquished.

Notes
Turn   | Place    | Note
-------+----------+-------------------------------------------
     0 | D:1      | Twinkles the Vampire Transmuter began the quest for the
                  | Orb.
     0 | D:1      | Reached XP level 1. HP: 14/14 MP: 3/3
   144 | D:1      | Reached skill level 1 in Fighting
   167 | D:1      | Reached skill level 1 in Stealth
   167 | D:1      | Reached XP level 2. HP: 20/21 MP: 5/5
   990 | D:$      | Safely got out of the dungeon.

Illustrated notes

Levels and vault maps discovered:
D:1:      dpeg_arrival_pits, layout_basic

Skill      XL: |  1 |
---------------+----+-----
Fighting       | 1 |  1.1
Stealth        | 1 |  1.7
Dodging        | |  2.4
Unarmed Combat | |  3.4
Spellcasting   | |  2.1
Transmutations | |  2.4
Poison Magic   | |  0.5

Action                   || total
-------------------------++-------
Melee: Unarmed           ||    28
       Bite              ||     6
       Punch             ||     1
       Whip              ||    17
 Stab: Sleeping          ||     2
Armor: Robe              ||     5
Dodge: Dodged            ||    29
